 Dungeon Crawl Stone Soup version 0.27-a0-1101-ge311f74bc8 (webtiles) character file.

Game seed: 1490340802413203249

232 siradein the Slasher (level 5, -1/35 HPs)
             Began as a Vampire Fighter on Apr 28, 2021.
             Slain by a goblin
             ... wielding a +0 club
             ... led by Robin
              (5 damage)
             ... on level 4 of the Dungeon.
             The game lasted 00:06:41 (3243 turns).

siradein the Slasher (Vampire Fighter)              Turns: 3243, Time: 00:06:42

Health: -1/35      AC:  8    Str: 16    XL:     5   Next: 73%
Magic:  5/5        EV:  6    Int: 11    God:
Gold:   55         SH:  8    Dex: 13    Spells: 4/4 levels left

rFire    + + .     SeeInvis +   a - +1 long sword
rCold    x . .     Faith    .   c - +0 kite shield
rNeg     . . .     Spirit   .   k - +0 fire dragon scales
rPois    .         Reflect  .   (no helmet)
rElec    .         Harm     .   (no cloak)
rCorr    .         Rampage  .   (no gloves)
Will     .....                  (no boots)
Stlth    ..........             (no amulet)
HPRegen  0.31/turn              (no ring)
MPRegen  0.09/turn              (no ring)

@: lethally poisoned (-1 -> -5), healing quickly
A: alive, fangs 3, see invisible, unbreathing 1, vampiric 2, [frail 1]
a: Exsanguinate


You were on level 4 of the Dungeon.
You visited 1 branch of the dungeon, and saw 4 of its levels.

You collected 55 gold pieces.

Inventory:

Hand Weapons
 a - a +1 long sword (weapon)
Missiles
 e - 2 datura-tipped darts (quivered)
Armour
 c - a +0 kite shield (worn)
 k - +0 fire dragon scales (worn)
Jewellery
 l - an amulet of reflection
Wands
 m - a wand of mindburst (12)
Scrolls
 f - a scroll of noise {unknown}
 h - a scroll of vulnerability
 n - a scroll of enchant armour {unknown}
Potions
 b - a potion of flight {unknown}
 d - 2 potions of might
 g - a potion of heal wounds
 i - 2 potions of curing
 j - a potion of lignification


   Skills:
 - Level 2.6 Fighting
 + Level 6.1 Long Blades
 - Level 2.4 Armour
 - Level 2.6 Shields


You had 4 spell levels left.
You didn't know any spells.
Your spell library was empty.

Dungeon Overview and Level Annotations

Branches:
Dungeon (4/15)
 Temple: D:4-7

Altars:
Hepliaklqana
Okawaru
Trog
Uskayaw

Annotations:
D:4 Robin


Innate Abilities, Weirdness & Mutations

Your natural rate of healing is accelerated.
You have razor-sharp teeth.
You have supernaturally acute eyesight. (SInv)
You can survive without breathing.
You are afflicted with vampirism and can become a bat while bloodless.
[You are frail. (-10% HP)]


Message History

The goblin barely misses you.
You riposte.
Your fire dragon scales prevents you from hitting the goblin.
The goblin barely misses you.
You feel very sick.
The goblin no longer looks unusually strong.
Robin hits you but does no damage.
You are more poisoned.
You barely miss Robin.
You feel very sick.
Robin roars a battlecry!
The goblins go into a battle-frenzy!
The goblin hits you but does no damage.
Robin hits you with a +6 spear of venom.
You barely miss Robin.
You feel very sick. The goblin hits you but does no damage.
The hobgoblin hits you.
* * * LOW HITPOINT WARNING * * *
You block the goblin's attack. Robin throws the goblin at you!
You block the goblin's attack. The goblin hits you but does no damage.
Unknown command.
You barely miss the goblin.
The goblin is severely wounded.
* * * LOW HITPOINT WARNING * * *
You feel very sick. The goblin barely misses you.
You riposte.
You slash the goblin!
You kill the goblin!
You block the hobgoblin's attack. You block the goblin's attack. x2
The goblin hits you with a +0 club.
* * * LOW HITPOINT WARNING * * *
The goblin hits you but does no damage. You block the goblin's attack.
The hobgoblin hits you but does no damage.
The goblin closely misses you.
You hit the goblin.
The goblin is moderately wounded.
* * * LOW HITPOINT WARNING * * *
You feel sick.
Robin roars a battlecry!
The hobgoblin goes into a battle-frenzy!
You block the goblin's attack. The goblin hits you with a +0 club.
You die...

##.........# ##.
##....
#...........#.. .
###............... .
#............#...# .
##................ ..
. ###.............
..# ##.............#
...#
#.......ggg....##....
#......gg@Z.##.......
#......gggg..#.......
#......g###..#.......
##...##...g..........
#..##...g#g(.......(
##.......#..........
#........##.........
#........###........
.........# #........


You could see Robin, 2 hobgoblins, 7 goblins and a hound skeleton.

Vanquished Creatures
  A scorpion (D:3)
  An orc priest (D:2)
  An iguana (D:3)
  An orc wizard (D:2)
  3 adders
  A worm (D:4)
  4 orcs
  3 endoplasms
  3 giant cockroaches
  8 goblins
  5 hobgoblins
  5 jackals
  4 quokkas
  6 ball pythons
  2 bats
  2 frilled lizards (D:2)
  7 kobolds
  5 rats
  A spectral kobold (D:3)
63 creatures vanquished.

Vanquished Creatures (others)
  5 plants (D:2)
5 creatures vanquished.

Grand Total: 68 creatures vanquished

Notes
Turn   | Place    | Note
-------+----------+-------------------------------------------
     0 | D:1      | siradein the Vampire Fighter began the quest for the Orb.
     0 | D:1      | Reached XP level 1. HP: 17/17 MP: 1/1
   142 | D:1      | Found a faded altar of an unknown god.
   255 | D:1      | Reached XP level 2. HP: 23/23 MP: 2/2
   437 | D:1      | Reached skill level 3 in Long Blades
  1270 | D:2      | Gained mutation: You are afflicted with vampirism and can
                  | become a bat while bloodless. [Vampire growth]
  1270 | D:2      | Reached XP level 3. HP: 26/28 MP: 3/3
  1597 | D:3      | Reached skill level 4 in Long Blades
  1675 | D:3      | Found an iron altar of Okawaru.
  1790 | D:3      | Found a bloodstained altar of Trog.
  2088 | D:2      | Reached XP level 4. HP: 24/34 MP: 4/4
  2128 | D:2      | Reached skill level 5 in Long Blades
  2240 | D:3      | Noticed a scorpion
  2463 | D:3      | Reached XP level 5. HP: 9/31 MP: 5/5
  2830 | D:3      | Found a hazy altar of Hepliaklqana.
  2888 | D:4      | Found a hide-covered altar of Uskayaw.
  2896 | D:4      | Noticed a black bear
  2961 | D:3      | Reached skill level 6 in Long Blades
  3221 | D:4      | Noticed Robin
  3243 | D:4      | Slain by a goblin

Illustrated notes

Levels and vault maps discovered:
D:1:      lightli_arrival_windingriver, layout_basic, basic_ecumenical_altar,
          minmay_liquid_box, chequers_serial_rivers_room_a,
          minmay_misc_feat_four_crosses
D:2:      layout_loops_ring, serial_bayou_pond_a, lexackson_kobold_supper
D:3:      layout_basic, okawaru_gym_becter,
          nicolae_hepliaklqana_monster_ancestors, nicolae_overflow_hidden_temple
D:4:      layout_cave_pools, nicolae_uskayaw_murder_on_the_dancefloor,
          lemuel_round_altar, minmay_temple_entry_waves, minmay_close_crescents,
          uniq_robin

Skill      XL: |  1  2  3  4  5 |
---------------+----------------+-----
Long Blades    | 3 4 5 6 |  6.1
Fighting       | |  2.6
Armour         | |  2.4
Shields        | |  2.6

Action                   |  1- 3 |  4- 6 || total
-------------------------+-------+-------++-------
Melee: Long sword        |   113 |    63 ||   176
       Bite              |     9 |     6 ||    15
 Abil: Exsanguinate      |       |     1 ||     1
       Revivify          |       |     1 ||     1
  Use: Scroll            |     5 |       ||     5
Armor: Scale mail        |    24 |       ||    24
       Fire dragon scale |    21 |    34 ||    55
Dodge: Dodged            |    29 |    21 ||    50
Block: Kite shield       |    40 |    34 ||    74
       Rpst.: Long sword |    13 |     6 ||    19

Table legend: (Time is in decaauts)
 A = Elapsed time spent in this place.
 B = Non-inter-level travel time spent in this place.
 C = Inter-level travel time spent in this place.
 D = Time resting spent in this place.
 E = Time spent auto-exploring this place.
 F = Levels seen in this place.
 G = Mean time per level.
                   A        B        C        D        E       F      G
               +--------+--------+--------+--------+--------+-----+--------+
         Total |   3330 |   3268 |     62 |    462 |   2151 |   4 |  832.5 |
       Dungeon |   3330 |   3268 |     62 |    462 |   2151 |   4 |  832.5 |
               +--------+--------+--------+--------+--------+-----+--------+

Top non-repeatable levels by time:
     D:3: 1340 daAuts
     D:2: 922 daAuts
     D:1: 853 daAuts
     D:4: 214 daAuts
